 Dungeon Crawl Stone Soup version 0.29-a0-234-g0dae59b3db (webtiles) character file.

Game seed: 3126321635848671766

947 PaleWalker the Archer (level 8, -4/65 HPs)
             Began as a Barachi Hunter on Mar 2, 2022.
             Was a Follower of Zin.
             Slain by a sky beast (6 damage)
             ... on level 5 of the Dungeon.
             The game lasted 00:12:49 (4767 turns).

PaleWalker the Archer (Barachi Hunter)              Turns: 4767, Time: 00:12:50

Health: -4/65      AC:  6    Str: 14    XL:     8   Next: 13%
Magic:  17/17      EV: 12    Int: 11    God:    Zin [*.....]
Gold:   213        SH:  5    Dex: 15    Spells: 7/7 levels left

rFire   . . .      SeeInvis .   a - +1 shortbow
rCold   . . .      Faith    .   (shield currently unavailable)
rNeg    . . .      Spirit   .   b - +0 leather armour
rPois   .          Reflect  +   g - +0 helmet
rElec   .          Harm     +   z - +0 cloak
rCorr   .          Rampage  .   (no gloves)
Will    .....                   w - +0 pair of boots of the Vestibule of Hell {Harm}
Stlth   +.........              p - amulet of reflection
HPRegen 0.20/turn               j - ring of magical power
MPRegen 0.15/turn               (no ring)

@: slow
A: amphibious, slowness 1, strong legs 1, +LOS
a: Hop, Renounce Religion, Recite, Donate Gold


You were on level 5 of the Dungeon.
You worshipped Zin.
Zin was aware of your devotion.
You visited 1 branch of the dungeon, and saw 6 of its levels.

You collected 236 gold pieces.
You donated 23 gold pieces to Zin.

Inventory:

Hand Weapons
 a - a +1 shortbow (weapon)
 y - a +0 rapier
Missiles
 v - 5 boomerangs of dispersal
Armour
 b - a +0 leather armour (worn)
 g - a +0 helmet (worn)
 n - a +0 chain mail
 w - the +0 pair of boots of the Vestibule of Hell (worn) {Harm}
   (You found it on level 4 of the Dungeon)

   Harm:      It increases damage dealt and taken.
 z - a +0 cloak (worn)
Jewellery
 j - a ring of magical power (left hand)
 p - an amulet of reflection (around neck)
 q - an amulet of faith
 x - a ring of fire
Wands
 A - a wand of iceblast (12)
Scrolls
 c - a scroll of enchant armour {unknown}
 e - a scroll of fog {unknown}
 r - 2 scrolls of silence {unknown}
 s - a scroll of enchant weapon {unknown}
 t - a scroll of holy word {unknown}
 B - a scroll of magic mapping {unknown}
Potions
 d - a potion of lignification
 f - a potion of ambrosia
 h - a potion of curing
 i - 2 potions of degeneration
 k - a potion of invisibility {unknown}
 l - a potion of resistance {unknown}
 m - 2 potions of heal wounds {unknown}
 u - 3 potions of might {unknown}


   Skills:
 + Level 6.7 Fighting
 * Level 8.5 Bows
 - Level 2.1 Dodging
 - Level 0.8 Stealth


You had 7 spell levels left.
You didn't know any spells.
Your spell library contained the following spells:

 Spells                   Type           Power      Damage    Failure   Level
 Animate Skeleton         Necr           0%         N/A       41%         1
 Pain                     Necr           0%         1d4       41%         1
 Sandblast                Erth           0%         2d4       41%         1
 Passwall                 Tmut/Erth      0%         N/A       56%         2
 Ignite Poison            Fire/Tmut/Pois 0%         N/A       80%         3
 Mephitic Cloud           Conj/Pois/Air  0%         N/A       80%         3
 Stone Arrow              Conj/Erth      0%         3d7       80%         3
 Vampiric Draining        Necr           0%         2d6       80%         3
 Freezing Cloud           Conj/Ice/Air   0%         6-21      100%        5


Dungeon Overview and Level Annotations

Branches:
Dungeon (6/15)
 Temple: D:4-7

Altars:
Zin

Annotations:
D:4 Pikel


Innate Abilities, Weirdness & Mutations

You are amphibious.
You cover ground slowly.
You can hop short distances.
You have an extended range of vision and can be seen from far away.


Message History

Aim: a sky beast (58% to hit)
You shoot an arrow. The arrow hits the sky beast.
The sky beast is lightly wounded.
The sky beast closely misses you.
Shoot: a) +1 shortbow
Press: ? - help, Q - select action, (/) - cycle Shift-Dir - straight line, f/p - sky beast
Aim: a sky beast (lightly wounded, 58% to hit)
You shoot an arrow. The arrow hits the sky beast!
The sky beast is heavily wounded.
The sky beast hits you but does no damage.
Shoot: a) +1 shortbow
Press: ? - help, Q - select action, (/) - cycle Shift-Dir - straight line, f/p - sky beast
Aim: a sky beast (heavily wounded, 58% to hit)
You shoot an arrow.
The arrow hits the sky beast but does no damage.
The sky beast is heavily wounded.
The sky beast hits you.
* * * LOW HITPOINT WARNING * * *
The sky beast shocks you.
* * * LOW HITPOINT WARNING * * *
Shoot: a) +1 shortbow
Press: ? - help, Q - select action, (/) - cycle Shift-Dir - straight line, f/p - sky beast
Aim: a sky beast (heavily wounded, 58% to hit)
You shoot an arrow. The arrow hits the sky beast!
The sky beast is almost dead.
You are ready to hop once more.
The sky beast flickers out of sight!
Deactivating autopickup; reactivate with Ctrl-A.
Something hits you but does no damage.
Shoot: a) +1 shortbow
Press: ? - help, Q - select action, (/) - cycle Shift-Dir - straight line You shoot an arrow.
Something hits you.
* * * LOW HITPOINT WARNING * * *
Something shocks you.
* * * LOW HITPOINT WARNING * * *
Something hits you.
* * * LOW HITPOINT WARNING * * *
Something shocks you.
You die...

#...#######.....#
##...............#
##...###.###.#.#..#
#######..#...#.#.#.#.#..# #
######....##.##.###.#.#.###...
####.........#..##...............
...............###...............
########......(###.###.###.###...
.......#........@..#.....#.#....#
.......#.....##†.{.###.###.###.##
)......#.....###....(..........#
..._...#.....# #...............#
.......#.##### ##..###.#.#.###.#
.......#.########..#...#.#...#.#
.......#.##........###.###.###.#
###.####....#####......).......#
..........### ###.######...#.#


There were no monsters in sight!

Vanquished Creatures
  A black bear (D:6)
  3 ogres
  A lemure (D:4)
  4 wights (D:5)
  2 hounds (D:5)
  An orc priest (D:5)
  An iguana (D:5)
  3 orc wizards
  Robin (D:3)
  5 adders
  6 gnolls
  2 ufetubi (D:6)
  2 worms
  2 dart slugs
  5 orcs (D:5)
  3 bats (D:1)
  3 endoplasms
  3 giant cockroaches (D:1)
  9 hobgoblins
  A jackal (D:1)
  7 kobolds
  2 quokkas
  6 ball pythons
  2 frilled lizards
  15 goblins
  4 rats
94 creatures vanquished.

Notes
Turn   | Place    | Note
-------+----------+-------------------------------------------
     0 | D:1      | PaleWalker the Barachi Hunter began the quest for the Orb.
     0 | D:1      | Reached XP level 1. HP: 17/17 MP: 1/1
     2 | D:1      | Noticed a gargoyle
     4 | D:1      | Noticed a vine stalker
     4 | D:1      | Noticed a spriggan
     6 | D:1      | Noticed a formicid
     8 | D:1      | Noticed a felid
    10 | D:1      | Noticed a merfolk
    12 | D:1      | Noticed a ghoul
    12 | D:1      | Noticed an octopode
    14 | D:1      | Noticed an elf
    14 | D:1      | Noticed a tengu
    16 | D:1      | Noticed a dwarf
    16 | D:1      | Noticed a demonspawn
    18 | D:1      | Noticed an ogre
    18 | D:1      | Noticed a troll
    20 | D:1      | Noticed a vampire
    20 | D:1      | Noticed a draconian
    22 | D:1      | Noticed a human
    22 | D:1      | Noticed a minotaur
    24 | D:1      | Noticed a naga
    26 | D:1      | Noticed a demigod
   172 | D:1      | Reached XP level 2. HP: 22/23 MP: 2/2
   609 | D:2      | Reached XP level 3. HP: 29/29 MP: 3/3
   813 | D:2      | Reached skill level 5 in Bows
  1267 | D:2      | Reached XP level 4. HP: 31/35 MP: 4/4
  1845 | D:3      | Noticed Robin
  1848 | D:3      | Killed Robin
  1850 | D:3      | Reached XP level 5. HP: 35/42 MP: 5/5
  2241 | D:4      | Noticed an ogre
  2246 | D:4      | Killed an ogre
  2247 | D:4      | Reached skill level 6 in Bows
  2359 | D:4      | Noticed an ogre
  2360 | D:4      | Noticed a lemure
  2396 | D:3      | Killed an ogre
  2397 | D:3      | Reached XP level 6. HP: 10/50 MP: 6/6
  2721 | D:4      | Noticed Pikel
  2733 | D:4      | Paralysed by Pikel for 5 turns
  3120 | D:4      | Identified the +0 pair of boots of the Vestibule of Hell
                  | {Harm}
  3327 | D:4      | Reached skill level 5 in Fighting
  3475 | D:5      | Entered Level 5 of the Dungeon
  3800 | D:5      | Reached skill level 7 in Bows
  3830 | D:5      | Reached XP level 7. HP: 34/56 MP: 7/7
  4462 | D:5      | Found a glowing silver altar of Zin.
  4476 | D:5      | Reached skill level 8 in Bows
  4480 | D:5      | Became a worshipper of Zin the Law-Giver
  4480 | D:5      | Reached * piety under Zin
  4703 | D:6      | Reached XP level 8. HP: 60/65 MP: 8/8
  4767 | D:5      | HP: 3/65 [something (7)]
  4767 | D:5      | Slain by a sky beast

Illustrated notes

Levels and vault maps discovered:
D:1:      kb_arrival_jail, layout_rooms, minmay_ruptured
D:2:      layout_loops_corners
D:3:      layout_basic, roderic_roman_lattice, uniq_robin
D:4:      layout_loops_cross, uniq_pikel
D:5:      layout_rooms, lemuel_tele_altar, minmay_misc_feat_nine_boxes
D:6:      layout_basic, makhleb_heckhound_becter, serial_curves, eino_curves_01,
          eino_curves_02, eino_curves_03, eino_curves_03

Skill      XL: |  1  2  3  4  5  6  7 |
---------------+----------------------+-----
Fighting       | 3 4 5 6 |  6.7
Bows           | 5 6 7 8 |  8.5
Dodging        | |  2.1
Stealth        | |  0.8

Action                   |  1- 3 |  4- 6 |  7- 9 || total
-------------------------+-------+-------+-------++-------
Melee: Shortbow          |       |     1 |     2 ||     3
 Fire: Shortbow          |    77 |   130 |   109 ||   316
 Abil: Hop               |       |     2 |     2 ||     4
  Use: Potion            |       |     1 |     1 ||     2
       Scroll            |       |       |     3 ||     3
Armor: Leather armour    |     9 |     7 |    22 ||    38
Dodge: Dodged            |    13 |    27 |    37 ||    77
Block: Other             |       |     3 |    17 ||    20

Table legend: (Time is in decaauts)
 A = Elapsed time spent in this place.
 B = Non-inter-level travel time spent in this place.
 C = Inter-level travel time spent in this place.
 D = Time resting spent in this place.
 E = Time spent auto-exploring this place.
 F = Levels seen in this place.
 G = Mean time per level.
                   A        B        C        D        E       F      G
               +--------+--------+--------+--------+--------+-----+--------+
         Total |   5411 |   5185 |    226 |    834 |   3382 |   6 |  901.8 |
       Dungeon |   5411 |   5185 |    226 |    834 |   3382 |   6 |  901.8 |
               +--------+--------+--------+--------+--------+-----+--------+

Top non-repeatable levels by time:
     D:3: 1453 daAuts
     D:4: 1251 daAuts
     D:2: 1031 daAuts
     D:5: 877 daAuts
     D:1: 633 daAuts
     D:6: 164 daAuts
